 Dungeon Crawl Stone Soup version 0.16-a0-1132-gad589c6 (webtiles) character file.

1560 RobertPalmer the Basher (level 8, -5/52 HPs)
             Began as an Octopode Monk on Oct 7, 2014.
             Slain by a mottled dragon (15 damage)
             ... on level 6 of the Dungeon.
             The game lasted 00:22:08 (7940 turns).

RobertPalmer the Basher (Octopode Monk)             Turns: 7940, Time: 00:22:08

Health: -5/52      AC:  1    Str: 16    XL:     8   Next: 89%
Magic:  8/8        EV: 14    Int: 14    God:
Gold:   180        SH:  0    Dex: 14    Spells: 2 memorised, 4 levels left

rFire  . . .     SeeInvis .     a - +1 flail (elec)
rCold  . . .     Clarity  .     (no shield)
rNeg   + . .     SustAb   .     (helmet restricted)
rPois  +         Gourm    .     p - amulet of regeneration
rElec  .         Spirit   .     q - +5 ring of strength
rCorr  .         Warding  .     s - ring of wizardry
rMut   .         Stasis   .     w - ring of positive energy
MR     .....                    h - ring of poison resistance
Stlth  ++........               (no ring)
                                (no ring)
                                (no ring)
                                (no ring)

@: liquid flames, glowing, not resistant to hostile enchantments, unstealthy
A: almost no armour, amphibious, 8 rings, constrict 8, camouflage 1, gelatinous
body 1
a: no special abilities


You were on level 6 of the Dungeon.
You were not hungry.

You visited 1 branch of the dungeon, and saw 6 of its levels.
You also visited: Ossuary.

You collected 180 gold pieces.


Innate Abilities, Weirdness & Mutations

You cannot wear most types of armour.
You are amphibious.
You can wear up to eight rings at the same time.
You can use your tentacles to constrict many enemies at once.
Your skin changes colour to match your surroundings (Stealth).
Your rubbery body absorbs attacks (AC +1).


   Skills:
 - Level 3.0 Fighting
 + Level 9.9 Maces & Flails
 - Level 5.1 Dodging
 - Level 2.6 Stealth
 - Level 4.0 Unarmed Combat


You had 4 spell levels left.
You knew the following spells:

 Your Spells              Type           Power        Failure   Level  Hunger
s - Swiftness             Chrm/Air       #.......     19%         2    ###....
z - Sting                 Conj/Pois      #...         12%         1    ##.....

Inventory:

Hand weapons
 a - a +1 flail of electrocution (weapon)
Missiles
 i - 7 tomahawks of returning (quivered)
 m - 7 needles of slowing
 t - 3 curare-tipped needles
 z - 4 needles of sleeping
Magical devices
 f - a wand of paralysis (11)
 n - a wand of confusion (10)
 r - a wand of teleportation (4) {!d}
Comestibles
 b - 5 bread rations
 o - 3 fruits
 D - a rotting chunk of giant gecko flesh {@*1}
Scrolls
 u - a scroll of recharging
Jewellery
 h - a ring of poison resistance (on tentacle)
 p - an amulet of regeneration (around mantle)
 q - a +5 ring of strength (left tentacle)
 s - a ring of wizardry (right tentacle)
 w - a ring of positive energy (on tentacle)
 E - an uncursed ring of ice {unknown}
Potions
 c - 2 potions of might {unknown}
 d - a potion of magic
 e - a potion of mutation {unknown}
 g - 2 potions of restore abilities {unknown}
 j - a potion of invisibility {unknown}
 k - 2 potions of agility {unknown}
 l - a potion of poison {unknown}
 A - a potion of haste {unknown}
 B - a potion of resistance {unknown}
 C - a potion of berserk rage {unknown}
Books
 v - a Young Poisoner's Handbook
 y - a book of Burglary

Dungeon Overview and Level Annotations

Branches:
Dungeon (6/15)             Temple (0/1) D:6

Altars:
Sif Muna
Yredelemnul

Annotations:
D:5 Kashira's ghost, experienced TeHu

... ###..# ..
####+########.#
..
#.......%.....#
#
#.............#
#
#.............#
+
#[########'####
# #..###
##...## #
#....###.....##
#.@..##)...(..#
.
#..D..#.....(.#
..
##....#(.....[#
..
#....##[...)##
#.
###..###(.[##
#. #.# ##### ##
.. ..


You could see a mottled dragon.


Message History

You thump the mottled dragon!
The mottled dragon is moderately wounded.
You are covered in liquid flames!
The mottled dragon barely misses you. The mottled dragon claws you.
Ugh!
There is something really disgusting in your inventory. (slot D)
You barely miss the mottled dragon.
You squeeze the mottled dragon, but do no damage.
The mottled dragon is moderately wounded.
You are covered in liquid flames!
The mottled dragon closely misses you. The mottled dragon misses you.
You hit the mottled dragon.
The mottled dragon is moderately wounded.
You are covered in liquid flames!
The mottled dragon bites you. The mottled dragon claws you.
* * * LOW HITPOINT WARNING * * *
Unknown command.
You barely miss the mottled dragon.
The mottled dragon is moderately wounded.
You are covered in liquid flames!
* * * LOW HITPOINT WARNING * * *
The mottled dragon spits sticky flame at you.
The sticky flame hits you!
You are covered in liquid flames!
* * * LOW HITPOINT WARNING * * *
Drink which item? (? for menu, Esc to quit)
Magic courses through your body.
It was a potion of magic.
You are covered in liquid flames!
* * * LOW HITPOINT WARNING * * *
The mottled dragon bites you!
You die...

Action                   |  1- 3 |  4- 6 |  7- 9 || total
-------------------------+-------+-------+-------++-------
Melee: Unarmed           |    84 |    24 |       ||   108
       Flail             |       |    90 |   190 ||   280
       Whip              |       |    14 |       ||    14
 Cast: Sting             |       |     5 |    15 ||    20
       Swiftness         |       |     2 |     2 ||     4
       Cure Poison       |       |       |     1 ||     1
Evoke: Wand              |       |       |     8 ||     8
  Use: Scroll            |       |     8 |     9 ||    17
       Potion            |       |     1 |     5 ||     6
 Stab: Sleeping          |     7 |     9 |     7 ||    23
       Distracted        |       |     1 |       ||     1
  Eat: Chunk             |     2 |     5 |     1 ||     8
       Fruit             |       |     1 |     1 ||     2
       Meat ration       |       |     1 |     1 ||     2
       Royal jelly       |       |     1 |       ||     1
       Bread ration      |       |       |     1 ||     1

Vault maps used:
D:1:      mrwooster_arrival_statue_2, minmay_statues_item
D:2:      serial_forest, infiniplex_forest_clump_medium,
          infiniplex_forest_zigzag_2, infiniplex_forest_clump_long,
          infiniplex_forest_end_3, infiniplex_forest_end_2,
          infiniplex_forest_end_2, grunt_ministairs_6,
          kennysheep_generic_room_15
D:4:      yredelemnul_altar_generic, nicolae_overflow_hidden_temple,
          first_bread, minivault_27, minmay_misc_feat_encased
D:5:      enter_ossuary_5, basic_altar, sword_in_stone
D:6:      minmay_opposing_rooms, minmay_holes
Ossuary:  ossuary_minmay_scorpions

Notes
Turn   | Place    | Note
--------------------------------------------------------------
     0 | D:1      | RobertPalmer, the Octopode Monk, began the quest for the Orb.
     0 | D:1      | Reached XP level 1. HP: 16/16 MP: 1/1
   326 | D:1      | Reached XP level 2. HP: 18/21 MP: 2/2
   744 | D:1      | Reached skill level 4 in Dodging
   814 | D:1      | Reached XP level 3. HP: 26/26 MP: 3/3
  1520 | D:2      | Reached XP level 4. HP: 28/31 MP: 4/4
  1660 | D:2      | Reached skill level 5 in Dodging
  2599 | D:3      | Reached skill level 1 in Maces & Flails
  2625 | D:3      | Reached XP level 5. HP: 33/36 MP: 5/5
  2736 | D:3      | Reached skill level 2 in Maces & Flails
  3138 | D:3      | Reached skill level 3 in Maces & Flails
  3141 | D:3      | HP: 1/36 [gnoll/spear (7)]
  3652 | D:4      | Learned a level 2 spell: Swiftness
  3656 | D:4      | Noticed a phantom
  3671 | D:4      | Reached XP level 6. HP: 36/42 MP: 6/6
  3781 | D:4      | Found a basalt altar of Yredelemnul.
  3838 | D:4      | Learned a level 2 spell: Cure Poison
  3851 | D:4      | Noticed an ogre
  3967 | D:4      | Noticed an ogre
  4037 | D:4      | Reached skill level 4 in Maces & Flails
  4481 | D:4      | Killed a phantom
  4481 | D:4      | Reached skill level 5 in Maces & Flails
  4711 | D:4      | Learned a level 1 spell: Sting
  5106 | D:3      | Reached XP level 7. HP: 32/46 MP: 7/7
  5263 | D:5      | Entered Level 5 of the Dungeon
  5313 | D:5      | Identified a wand of teleportation
  5316 | D:5      | Found a sand-covered staircase.
  5321 | Ossuary  | Entered an ossuary
  5366 | Ossuary  | Reached skill level 6 in Maces & Flails
  5800 | Ossuary  | Reached skill level 7 in Maces & Flails
  5920 | Ossuary  | Reached XP level 8. HP: 33/52 MP: 0/8
  6279 | Ossuary  | Reached skill level 8 in Maces & Flails
  6758 | D:5      | Found a deep blue altar of Sif Muna.
  6960 | D:4      | Reached skill level 9 in Maces & Flails
  7334 | D:5      | Noticed Kashira's ghost (experienced TeHu)
  7716 | D:6      | Found a staircase to the Ecumenical Temple.
  7940 | D:6      | Slain by a mottled dragon

Vanquished Creatures
  An orc warrior (D:5)
  3 phantoms
  9 scorpions (Ossuary)
  2 goliath beetles (D:6)
  A hound (D:6)
  2 jellies
  An orc wizard (D:6)
  4 human zombies (Ossuary)
  A giant frog skeleton (D:6)
  An iguana (D:4)
  A worker ant (D:4)
  A big kobold zombie (Ossuary)
  2 mummies (Ossuary)
  7 scorpion zombies (Ossuary)
  3 adders
  7 gnolls
  3 giant mites (D:3)
  A shadow imp (D:6)
  7 worms
  3 giant geckos
  5 orcs
  8 bats
  4 giant cockroaches
  21 hobgoblins
  4 jackals (D:1)
  An ooze (D:6)
  A ball python (D:1)
  4 giant newts
  6 gnoll zombies (Ossuary)
  10 goblins
  2 goblin zombies (Ossuary)
  3 hobgoblin zombies (Ossuary)
  11 kobolds
  A kobold skeleton (D:4)
  2 kobold zombies (Ossuary)
  An orc zombie (Ossuary)
  13 rats
157 creatures vanquished.

Vanquished Creatures (others)
  A scorpion (Ossuary)
  A mummy (Ossuary)
2 creatures vanquished.

Grand Total: 159 creatures vanquished
